 Dungeon Crawl Stone Soup version 0.28.0-43-g3370ac3207 (webtiles) character file.

Game seed: 14367845648125255106

998 Destapler the Covered (level 8, -1/71 HPs)
             Began as a Minotaur Fighter on Mar 19, 2022.
             Was a Believer of the Shining One.
             Slain by Duvessa
             ... wielding a +0 short sword
              (10 damage)
             ... on level 5 of the Dungeon.
             The game lasted 00:10:55 (4584 turns).

Destapler the Covered (Minotaur Fighter)            Turns: 4584, Time: 00:10:56

Health: -1/71      AC: 15    Str: 23    XL:     8   Next: 0%
Magic:  7/7        EV: 11    Int:  5    God:    the Shining One [**....]
Gold:   126        SH:  6    Dex: 15    Spells: 7/7 levels left

rFire   . . .      SeeInvis .   a - +0 war axe
rCold   . . .      Faith    .   c - +0 buckler
rNeg    + . .      Spirit   .   p - +2 leather armour of Kuqic {Fly Dex+5}
rPois   .          Reflect  .   (helmet restricted)
rElec   .          Harm     .   o - +0 cloak {rCorr}
rCorr   +          Rampage  .   t - +2 pair of gloves
Will    .....                   j - +0 pair of boots
Stlth   +.........              (no amulet)
HPRegen 0.21/turn               f - ring of flight
MPRegen 0.10/turn               x - +4 ring of protection

@: flying, glowing
A: horns 2, retaliatory headbutt
a: Renounce Religion, Divine Shield


You were on level 5 of the Dungeon.
You worshipped the Shining One.
The Shining One was pleased with you.
You visited 1 branch of the dungeon, and saw 5 of its levels.

You collected 252 gold pieces.
You spent 126 gold pieces at shops.

Inventory:

Hand Weapons
 a - a +0 war axe (weapon)
Missiles
 y - 2 atropa-tipped darts (quivered)
 z - 6 poisoned darts
Armour
 b - a +0 scale mail
 c - a +0 buckler (worn)
 j - a +0 pair of boots (worn)
 o - a +0 cloak of preservation (worn)
 p - the +2 leather armour of Kuqic (worn) {Fly Dex+5}
   (You found it on level 4 of the Dungeon)

   Dex:       It affects your dexterity (+5).
   Fly:       It grants you flight.
 t - a +2 pair of gloves (worn)
Jewellery
 f - a ring of flight (left hand)
 x - a +4 ring of protection (right hand)
Scrolls
 d - 2 scrolls of identify {unknown}
 e - 5 scrolls of enchant armour {unknown}
 k - a scroll of enchant weapon {unknown}
 n - 2 scrolls of blinking {unknown}
 r - 2 scrolls of teleportation {unknown}
 v - a scroll of acquirement {unknown}
 B - 3 scrolls of amnesia {unknown}
Potions
 g - 2 potions of flight
 h - a potion of attraction {unknown}
 i - a potion of curing {unknown}
 l - 2 potions of heal wounds {unknown}
 m - 2 potions of brilliance {unknown}
 q - a potion of resistance {unknown}
 s - a potion of mutation {unknown}
 u - 2 potions of degeneration {unknown}
 w - a potion of magic {unknown}
 A - a potion of berserk rage {unknown}


   Skills:
 + Level 6.5 Fighting
 - Level 5.9 Axes
 + Level 0.4 Throwing
 - Level 6.5 Armour
 + Level 0.4 Dodging
 - Level 6.5 Shields
 + Level 0.4 Invocations


You had 7 spell levels left.
You didn't know any spells.
Your spell library contained the following spells:

 Spells                   Type           Power      Damage    Failure   Level
 Animate Skeleton         Necr           0%         N/A       61%         1
 Apportation              Tloc           0%         N/A       61%         1
 Summon Small Mammal      Summ           0%         N/A       61%         1
 Ensorcelled Hibernation  Hex/Ice        0%         N/A       75%         2
 Passwall                 Tmut/Erth      0%         N/A       75%         2
 Sublimation of Blood     Necr           0%         N/A       75%         2
 Swiftness                Air            0%         N/A       93%         3
 Petrify                  Tmut/Erth      0%         N/A       100%        4
 Irradiate                Conj/Tmut      0%         3d14      100%        5


Dungeon Overview and Level Annotations

Branches:
Dungeon (5/15)
 Temple: D:4-7

Altars:
Ashenzari
Dithmenos
Hepliaklqana
Xom
Zin
The Shining One

Shops:
D:2 *((*   D:4 [

Annotations:
D:5 3 runed translucent doors, CInkIbrahim's ghost, novice MfGl; Duvessa


Innate Abilities, Weirdness & Mutations

You have a pair of horns on your head.
You reflexively headbutt those who attack you in melee.


Message History

You hit Duvessa. You headbutt Duvessa, but do no damage.
Duvessa is lightly wounded.
You slash Dowan!
Duvessa is no longer blind.
You block Duvessa's attack. Dowan hits you but does no damage.
Duvessa hits you but does no damage.
You barely miss Duvessa. You hit Dowan. Dowan hits you but does no damage.
Duvessa hits you with a +0 short sword.
You hit Duvessa but do no damage. You hit Dowan.
Dowan says, "My weaknesses are her strengths!"
Dowan hits you but does no damage. Duvessa hits you but does no damage.
Dowan hits you but does no damage.
You hit Duvessa.
Duvessa is lightly wounded.
You barely miss Dowan. Duvessa hits you with a +0 short sword.
Dowan hits you but does no damage.
You barely miss Duvessa. You headbutt Duvessa.
Duvessa is moderately wounded.
You hit Dowan. Duvessa barely misses you. Dowan closely misses you.
You furiously retaliate!
You headbutt Dowan!
You kill Dowan!
Duvessa screams, "No!
How DARE you!"
Duvessa goes berserk!
Duvessa hits you with a +0 short sword!
You have reached level 8!
You feel stronger.
You hit Duvessa.
Duvessa is heavily wounded.
Duvessa hits you with a +0 short sword!
You hit Duvessa but do no damage.
Duvessa is heavily wounded.
Duvessa hits you with a +0 short sword!
* * * LOW HITPOINT WARNING * * *
Duvessa hits you with a +0 short sword!
* * * LOW HITPOINT WARNING * * *
Duvessa barely misses you. Duvessa hits you with a +0 short sword!
* * * LOW HITPOINT WARNING * * *
There is a stone staircase leading up here.
It was a potion of flight.
You feel more buoyant. Duvessa barely misses you.
Duvessa hits you with a +0 short sword!
You die...

.....######................###.#.
.##...###...........#.##...# ##
##....#.............#####..## ###
#..................# ###..###.#
##.#..#.#.........#####.....#...
#.##...#>...........###.....ยง.#
####[............#.###..####..#
##..........e##.)....# #..#
#.........@##......#####..#
##..#......[##<.(.....##..##
#............##...........##
###.............#)..(.#....#
#####.##..#..###..###...##
#..#..#.###...#######
#..##.#..#..#....#
###...#.#.....##.).##
###.#..#....#.## ###..#


You could see Duvessa (berserk).

Vanquished Creatures
  A sky beast (D:4)
  A black bear (D:5)
  3 ogres
  A water moccasin zombie (D:5)
  Dowan (D:5)
  A water moccasin skeleton (D:4)
  A hound (D:5)
  A jelly (D:5)
  2 orc priests
  A centaur skeleton (D:5)
  A bullfrog skeleton (D:5)
  Crazy Yiuf (D:3)
  An orc wizard (D:4)
  3 gnolls (D:4)
  5 adders
  A white imp (D:5)
  An ufetubus (D:5)
  2 dart slugs
  12 orcs
  8 ball pythons
  6 bats
  5 endoplasms
  3 giant cockroaches
  6 goblins
  3 hobgoblins
  15 jackals
  A kobold (D:2)
  5 quokkas
  3 frilled lizards
  7 rats
102 creatures vanquished.

Vanquished Creatures (others)
  4 fungi
  3 plants (D:5)
7 creatures vanquished.

Grand Total: 109 creatures vanquished

Notes
Turn   | Place    | Note
-------+----------+-------------------------------------------
     0 | D:1      | Destapler the Minotaur Fighter began the quest for the Orb.
     0 | D:1      | Reached XP level 1. HP: 19/19 MP: 0/0
    29 | D:1      | Reached XP level 2. HP: 27/27 MP: 1/1
   276 | D:1      | Reached XP level 3. HP: 33/33 MP: 2/2
   345 | D:1      | Found a faded altar of an unknown god.
   353 | D:1      | Prayed at the altar of an unknown god.
   353 | D:1      | Became a worshipper of the Shining One
   353 | D:1      | Reached * piety under the Shining One
   614 | D:2      | Found Lafaz's General Store.
   615 | D:2      | Found a shimmering altar of Xom.
   654 | D:2      | Found Iweot's General Store.
   756 | D:2      | Found Oxiluf's Weapon Shoppe.
   766 | D:2      | Found Segapail's Weapon Emporium.
   894 | D:2      | You are sucked into a shaft and drop 2 floors!
  1180 | D:3      | Reached XP level 4. HP: 38/41 MP: 3/3
  1760 | D:3      | Reached XP level 5. HP: 47/47 MP: 4/4
  2076 | D:3      | Reached ** piety under the Shining One
  2173 | D:3      | Found a runed translucent door.
  2174 | D:3      | Noticed Crazy Yiuf
  2180 | D:3      | Killed Crazy Yiuf
  2302 | D:2      | Bought a +0 cloak of preservation for 126 gold pieces
  2439 | D:4      | Found Hoavur's Armour Shop.
  2469 | D:4      | Identified the +2 leather armour of Kuqic {Fly Dex+5}
  2557 | D:4      | Noticed an ogre
  2862 | D:4      | Reached skill level 5 in Fighting
  2862 | D:4      | Reached skill level 5 in Armour
  2862 | D:4      | Reached skill level 5 in Shields
  2893 | D:4      | Killed an ogre
  2894 | D:4      | Reached XP level 6. HP: 40/56 MP: 5/5
  3088 | D:4      | Found a shadowy altar of Dithmenos.
  3409 | D:4      | Found a broken altar of Ashenzari.
  3409 | D:4      | Found a faded altar of an unknown god.
  3424 | D:4      | Found a glowing silver altar of Zin.
  3426 | D:4      | Found a faded altar of an unknown god.
  3427 | D:4      | Found a hazy altar of Hepliaklqana.
  3605 | D:5      | Entered Level 5 of the Dungeon
  3605 | D:5      | Noticed a sky beast
  3646 | D:4      | Killed a sky beast
  3647 | D:4      | Reached skill level 5 in Axes
  3647 | D:4      | Reached XP level 7. HP: 54/62 MP: 6/6
  3782 | D:5      | Found a runed translucent gate.
  3782 | D:5      | Found a runed translucent gate.
  3783 | D:5      | Found a runed translucent gate.
  3784 | D:5      | Noticed CInkIbrahim's ghost (novice MfGl)
  4523 | D:5      | Noticed Dowan
  4523 | D:5      | Noticed Duvessa
  4577 | D:5      | Killed Dowan
  4578 | D:5      | Reached XP level 8. HP: 53/71 MP: 7/7
  4584 | D:5      | Slain by Duvessa

Illustrated notes

Levels and vault maps discovered:
D:1:      ebering_hopf_link, layout_basic, ebering_ecumenical_altar_box,
          minmay_tetromino_t2
D:2:      layout_rooms, basic_altar, serial_shops, shop,
          nicolae_shop_bloodbath_and_beyond, nicolae_shop_trees, shop,
          fountainhead
D:3:      layout_basic, uniq_crazy_yiuf_cottage
D:4:      layout_basic, chequers_temple_overflow_minitemple, kennysheep_mini,
          serial_shops, nicolae_shop_competitors_out_of_business, serial_rivers,
          chequers_serial_rivers_large_a, chequers_serial_rivers_room_b,
          chequers_serial_rivers_small_b, chequers_serial_rivers_room_a,
          chequers_serial_rivers_micro_a
D:5:      layout_cave_pools, yredelemnul_forgotten_temple_becter,
          tgw_kikubaaqudgha, minmay_temple_entry_glass,
          gammafunk_ghost_nasty_kobolds, uniq_duvessa

Skill      XL: |  1  2  3  4  5  6  7 |
---------------+----------------------+-----
Shields        | 4 5 6 |  6.5
Fighting       | 4 5 6 |  6.5
Armour         | 4 5 6 |  6.5
Axes           | 3 4 5 |  5.9
Throwing       | |  0.4
Dodging        | |  0.4
Invocations    | |  0.4

Action                   |  1- 3 |  4- 6 |  7- 9 || total
-------------------------+-------+-------+-------++-------
Melee: War axe           |    71 |    80 |    50 ||   201
       Headbutt          |     5 |    15 |    16 ||    36
Throw: Dart              |       |       |     2 ||     2
  Use: Potion            |       |     1 |     1 ||     2
Armor: Scale mail        |    43 |    24 |       ||    67
       Leather armour    |       |    18 |    34 ||    52
Dodge: Dodged            |    43 |    41 |    30 ||   114
Block: Buckler           |    17 |    20 |    10 ||    47
